 Dungeon Crawl Stone Soup version 0.18-a0-1774-gce1f7b6 (webtiles) character file.

1237 M4edhros the Covert (level 8, 0/49 HPs)
             Began as an Octopode Artificer on Apr 15, 2016.
             Slain by an orc
             ... wielding a +0 short sword
              (4 damage)
             ... on level 6 of the Dungeon.
             The game lasted 00:05:22 (4901 turns).

M4edhros the Covert (Octopode Artificer)            Turns: 4901, Time: 00:05:22

Health: 0/49       AC:  2    Str: 10    XL:     8   Next: 49%
Magic:  10/10      EV: 11    Int: 15    God:
Gold:   209        SH:  3    Dex: 14    Spells: 0 memorised, 7 levels left

rFire  x . .     SeeInvis .     h - +1 rapier (venom)
rCold  + . .     Gourm    .     s - +0 buckler
rNeg   . . .     Faith    .     (helmet restricted)
rPois  .         Spirit   .     (no amulet)
rElec  .         Dismiss  .     w - ring of ice
rCorr  .         Reflect  .     (no ring)
SustAt .         Harm     .     (no ring)
MR     +....     Rnd*Rage +     (no ring)
Stlth  +++++++...               (no ring)
                                (no ring)
                                (no ring)
                                (no ring)

@: somewhat resistant to hostile enchantments, extremely stealthy
A: almost no armour, amphibious, 8 rings, constrict 8, rugged brown scales 1,
camouflage 1, berserk 1, magic resistance 1, gelatinous body 1, evolution 1
a: no special abilities


You were on level 6 of the Dungeon.
You were not hungry.

You visited 1 branch of the dungeon, and saw 6 of its levels.

You collected 209 gold pieces.

Inventory:

Hand Weapons
 h - a +1 rapier of venom (weapon)
 m - a +1 hunting sling
 r - a +0 short sword of draining
Missiles
 o - 118 stones (quivered)
 C - 25 sling bullets
Armour
 s - a +0 buckler (worn)
Jewellery
 u - an uncursed ring of positive energy {unknown}
 w - a ring of ice (left tentacle)
 z - an uncursed ring of protection from fire {unknown}
Wands
 a - a wand of flame (28/48)
 b - a wand of flame (13/48)
 c - a wand of enslavement (10/24)
 d - a wand of random effects (12/48)
 j - a wand of lightning (3/15)
 B - a wand of teleportation (5/9)
Scrolls
 l - 2 scrolls of teleportation
 n - a scroll of random uselessness
 p - a scroll of fear
 q - 2 scrolls of remove curse
Potions
 e - a potion of might {unknown}
 i - 2 potions of flight
 k - 3 potions of degeneration
 A - 2 potions of heal wounds {unknown}
Comestibles
 f - 3 bread rations
 g - 4 meat rations
 t - 3 beef jerkies
 x - 3 fruits


   Skills:
 - Level 1.0 Fighting
 - Level 1.0 Short Blades
 - Level 2.0 Dodging
 + Level 13.5 Stealth
 - Level 3.2 Evocations


You had 7 spell levels left.
You didn't know any spells.

Dungeon Overview and Level Annotations

Branches:
Dungeon (6/15)
 Temple: D:4-7

Altars:
Vehumet
The Shining One


Innate Abilities, Weirdness & Mutations

You cannot wear most types of armour.
You are amphibious.
You can wear up to eight rings at the same time.
You can use your tentacles to constrict eight enemies at once.
Your skin changes colour to match your surroundings (Stealth).
Your rubbery body absorbs attacks (AC +1).
You are partially covered in rugged brown scales (AC +1, +3% HP).
You tend to lose your temper in combat.
You are resistant to hostile enchantments.
You evolve.


Message History

Something hits you but does no damage.
You miss something. Something hits you.
You barely miss something.
You hear some strange, mumbled words.
A puff of flame appears from out of thin air!
The puff of flame hits you! The fire burns you terribly!
You hit something but do no damage.
You hear some strange, mumbled words.
A puff of flame appears from out of thin air!
The puff of flame hits you! The fire burns you terribly!
* * * LOW HITPOINT WARNING * * *
You are too injured to fight recklessly!
You hit something.
Reactivating autopickup.
You feel a bit more experienced.
You are too injured to fight recklessly!
You hit the orc. Your grab misses the orc.
The orc is moderately wounded.
The orc hits you with a short sword.
You die...

# #.# #.### ##..#########
#.###.###.# #...........
#.........# #.#########.
##.....#### #+## #.
#......# #...## #. #)(...##
##.....## #. #......##
##..?....# ##.
###.#...####.........####..
#.......@o.=)......+.....
#.#...####.........####..
#.##.## ##.......# ##. #
### ##.....## ## #...## #
#+## # # .


You could see an orc.

Vanquished Creatures
  Grinder (D:5)
  A phantom (D:6)
  An orc warrior (D:6)
  An ogre (D:4)
  A centaur (D:5)
  2 jellies (D:5)
  2 hounds (D:4)
  2 orc priests
  An iguana (D:5)
  5 orc wizards
  2 giant frog skeletons
  7 worker ants
  5 gnolls (D:5)
  7 adders
  2 oozes
  An adder zombie (D:5)
  4 worms
  A dart slug (D:1)
  A giant gecko (D:5)
  9 orcs
  6 giant cockroaches
  3 goblins (D:1)
  8 hobgoblins
  3 quokkas (D:2)
  3 bats
  2 giant newts
  5 kobolds
  3 rats
89 creatures vanquished.

Vanquished Creatures (collateral kills)
  A gnoll shaman (D:5)
  A gnoll (D:5)
  A giant gecko (D:5)
3 creatures vanquished.

Vanquished Creatures (others)
  An iguana (D:4)
  A gnoll (D:5)
2 creatures vanquished.

Grand Total: 94 creatures vanquished

Notes
Turn   | Place    | Note
--------------------------------------------------------------
     0 | D:1      | M4edhros the Octopode Artificer began the quest for the Orb.
     0 | D:1      | Reached XP level 1. HP: 13/13 MP: 3/3
    94 | D:1      | Reached skill level 2 in Stealth
   416 | D:1      | Reached skill level 3 in Stealth
   416 | D:1      | Reached XP level 2. HP: 18/18 MP: 4/4
   964 | D:1      | Reached skill level 4 in Stealth
  1050 | D:1      | Reached XP level 3. HP: 23/23 MP: 5/5
  1088 | D:2      | Found a glowing golden altar of the Shining One.
  1492 | D:2      | Reached skill level 5 in Stealth
  1701 | D:3      | Noticed a phantom
  1705 | D:3      | Reached XP level 4. HP: 28/28 MP: 6/6
  2099 | D:3      | Reached skill level 6 in Stealth
  2176 | D:4      | Reached XP level 5. HP: 23/33 MP: 7/7
  2238 | D:4      | Noticed an ogre
  2261 | D:4      | Reached skill level 7 in Stealth
  2292 | D:4      | Killed an ogre
  2338 | D:4      | Reached skill level 8 in Stealth
  2397 | D:4      | Reached XP level 6. HP: 31/38 MP: 8/8
  2536 | D:4      | Gained mutation: You evolve. [potion of mutation]
  2536 | D:4      | Gained mutation: You are partially covered in rugged brown scales (AC +1, +3% HP). [potion of mutation]
  2635 | D:4      | Reached skill level 9 in Stealth
  3031 | D:4      | Reached skill level 10 in Stealth
  3031 | D:4      | Reached XP level 7. HP: 44/44 MP: 9/9
  3297 | D:5      | Entered Level 5 of the Dungeon
  3329 | D:5      | Noticed Grinder
  3339 | D:5      | Killed Grinder
  3339 | D:5      | Reached skill level 11 in Stealth
  3415 | D:5      | Gained mutation: You tend to lose your temper in combat. [evolution]
  4004 | D:5      | Found a radiant altar of Vehumet.
  4010 | D:5      | Reached skill level 12 in Stealth
  4011 | D:5      | Reached XP level 8. HP: 24/49 MP: 10/10
  4756 | D:6      | Reached skill level 13 in Stealth
  4831 | D:6      | Gained mutation: You are resistant to hostile enchantments. [evolution]
  4901 | D:6      | Slain by an orc

Vault maps used:
D:1:      dpeg_arrival_arbitrary_c, hangedman_decor_points, serial_park_tiny_2
D:2:      tso_metal_star
D:3:      first_bread, uniq_jessica, uniq_sigmund
D:4:      mrwooster_statue_mirror, hangedman_feature_mirror
D:5:      minmay_misc_feat_four_crosses, nrook_mini_backslash,
          vehumet_altar_wand_db, uniq_grinder

Skill      XL: |  1  2  3  4  5  6  7  8 |
---------------+-------------------------+-----
Stealth        | 3 4 5 6 8 10 12 13 | 13.5
Fighting       | |  1.0
Short Blades   | |  1.0
Dodging        | |  2.0
Evocations     | |  3.2

Action                   |  1- 3 |  4- 6 |  7- 9 || total
-------------------------+-------+-------+-------++-------
Melee: Short sword       |    58 |    71 |    55 ||   184
       Tentacles         |    13 |     9 |    15 ||    37
       Constrict         |    13 |    14 |    18 ||    45
       Rapier            |       |       |    21 ||    21
Evoke: Wand              |       |     3 |     7 ||    10
  Use: Potion            |       |     4 |       ||     4
       Scroll            |       |       |     6 ||     6
 Stab: Sleeping          |    17 |     9 |     7 ||    33
       Distracted        |     1 |       |     2 ||     3
  Eat: Chunk             |     2 |     4 |     2 ||     8
       Pizza             |       |       |     1 ||     1
       Meat ration       |       |       |     1 ||     1
Armor: Skin              |     3 |     4 |     8 ||    15
Dodge: Dodged            |    19 |    33 |    28 ||    80
Block: Buckler           |       |     8 |     4 ||    12
